 Dungeon Crawl Stone Soup version 0.25-a0-403-g49d089a364 (webtiles) character file.

Game seed: 6232654682029995034, levelgen mode: deterministic

17 Aurore the Skirmisher (level 2, -1/24 HPs)
             Began as a Human Berserker on Jan 9, 2020.
             Was a Follower of Trog.
             Slain by Jessica
             ... wielding a +6 dagger of pain
              (5 damage)
             ... on level 2 of the Dungeon.
             The game lasted 00:09:01 (732 turns).

Aurore the Skirmisher (Human Berserker)              Turns: 732, Time: 00:09:05

Health: -1/24      AC:  6    Str: 15 (17) XL:     2   Next: 80%
Magic:  2/2        EV: 10    Int:  5 (7)  God:    Trog [*.....]
Gold:   87         SH:  0    Dex: 10 (12) Spells: 1/1 levels left

rFire    . . .     SeeInvis .   a - +0 falchion
rCold    . . .     Gourm    .   (no shield)
rNeg     . . .     Faith    .   g - +0 scale mail
rPois    .         Spirit   .   (no helmet)
rElec    .         Reflect  .   (no cloak)
rCorr    .         Harm     .   (no gloves)
MR       .....                  (no boots)
Stlth    ..........             (no amulet)
HPRegen  0.08/turn              (no ring)
MPRegen  0.08/turn              (no ring)

@: about to teleport
A: no striking features
a: Berserk, Renounce Religion


You were on level 2 of the Dungeon.
You worshipped Trog.
Trog was aware of your devotion.
You were not hungry.

You visited 1 branch of the dungeon, and saw 2 of its levels.

You collected 87 gold pieces.

Inventory:

Hand Weapons
 a - a +0 falchion (weapon)
 j - a +0 dagger
 k - a +1 whip of pain
 o - a +0 hunting sling
Armour
 b - a +0 animal skin
 d - a +0 leather armour
 g - a +0 scale mail (worn)
 i - a +0 robe
Scrolls
 l - a scroll of identify
 m - a scroll of amnesia {unknown}
 n - a scroll of fog {unknown}
 p - a scroll of teleportation
Potions
 e - a potion of degeneration
Comestibles
 c - 3 rations
 f - a chunk of flesh


   Skills:
 + Level 3.3 Fighting
 + Level 3.3 Long Blades
 + Level 2.1 Armour
 + Level 2.1 Dodging


You had one spell level left.
You didn't know any spells.
Your spell library was empty.

Dungeon Overview and Level Annotations

Branches:
Dungeon (2/15)

Altars:
Ashenzari

Annotations:
D:2 Jessica


Message History

The hobgoblin hits you with a +0 club.
Jessica mumbles some strange words.
Jessica blinks!
Unknown command.
As you read the scroll labeled XIPAMOH VIEDD, it crumbles to dust.
It is a scroll of identify.
p - 2 scrolls of teleportation The rat bites you.
The hobgoblin hits you but does no damage.
The goblin barely misses you.
Jessica grins evilly.
Jessica hits you with a +6 dagger of pain.
* * * LOW HITPOINT WARNING * * *
As you read the scroll of teleportation, it crumbles to dust.
You feel strangely unstable. The rat bites you but does no damage.
The hobgoblin hits you with a +0 club.
* * * LOW HITPOINT WARNING * * *
The goblin hits you but does no damage.
Jessica hits you with a +6 dagger of pain.
You die...

.. . ##### .###.
#......
....##....##.#
..#.......#.## #
.#.#..#......
#.#.#..........#
#(._..gr..##.#.#
#@##......#
#@g...<.# ####.####
#...# #...# #...#
#####...#####
###..[........###
...................


You could see Jessica, a hobgoblin, a goblin and a rat.

Vanquished Creatures
  A dart slug (D:1)
  A leopard gecko (D:1)
  A bat (D:1)
  3 goblins (D:1)
  A quokka (D:2)
  A ball python (D:1)
  A frilled lizard (D:1)
  3 kobolds
  2 rats (D:1)
14 creatures vanquished.

Notes
Turn   | Place    | Note
-------+----------+-------------------------------------------
     0 | D:1      | Aurore the Human Berserker began the quest for the Orb.
     0 | D:1      | Reached XP level 1. HP: 18/18 MP: 1/1
   211 | D:1      | Reached XP level 2. HP: 23/24 MP: 2/2
   721 | D:2      | Noticed Jessica
   728 | D:2      | Found a shattered altar of Ashenzari.
   732 | D:2      | Slain by Jessica

Levels and vault maps discovered:
D:1:      ncdulo_halloftheorcs, layout_loops_cross, minmay_pentomino_w2
D:2:      layout_loops_cross, lemuel_crystal_altar, kennysheep_generic_room_14,
          uniq_jessica

Action                   || total
-------------------------++-------
Melee: Falchion          ||    42
  Use: Scroll            ||     2
       Potion            ||     2
Armor: Scale mail        ||    20
       Animal skin       ||     1
Dodge: Dodged            ||    28
       Rpst.: Falchion   ||    11

Table legend:
 A = Non-vault XP
 B = Vault XP
 C = Vault XP percentage of total XP
 D = Non-vault monster count
 E = Vault monster count
 F = Vault count percentage of total count
                 A         B        C        D         E       F
            +---------+---------+-------+---------+---------+-------
      Total |      20 |       5 |  20.0 |      12 |       2 |  14.3
            +---------+---------+-------+---------+---------+-------
        D:1 |      17 |       5 |  22.7 |      10 |       2 |  16.7
        D:2 |       3 |       0 |   0.0 |       2 |       0 |   0.0
            +---------+---------+-------+---------+---------+-------
